[Event "*** Titled Tuesday Blitz"]
[Site "Chess.com"]
[Date "2020.05.26"]
[Round "2"]
[White "AGW2016"]
[Black "KaterinaMiroshnik"]
[Result "1-0"]
[WhiteElo "2219"]
[BlackElo "2416"]
[TimeControl "180+1"]
[EndTime "10:18:58 PDT"]
[Termination "AGW2016 won by resignation"]

1. e4 e6 2. d4 d5 3. exd5 exd5 4. Nf3 Nf6 5. Bd3 Bd6 6. O-O O-O 7. c4 c6 8. Bg5 Nbd7 9. Nc3 Be7 10. Re1 Re8 11. Qc2 h6 12. Bh4 dxc4 13. Bxc4 Nb6 14. Bb3 Nbd5 15. Ne5 Be6 16. Rad1 a5 17. a3 Qc8 18.
Na4 b5 19. Nc5 Bf5 20. Qc1 a4 21. Ba2 Nd7 22. Bxe7 Rxe7 23. Nexd7 Rxe1+ 24. Rxe1 Bxd7 25. Bxd5 cxd5 26. Re7 Be8 27. Qe3 Qd8 28. h3 Kf8 29.
Rb7 Qd6 30. Qf3 Rc8 31. Qf5 Rd8 32. Qh7 Bd7 33. Qh8+ Ke7 34. Qxg7 Qc6 35. Rxd7+ Rxd7 36. Nxd7 Qxd7 37. Qxh6 Qf5 38. Qd2 Qb1+ 39. Kh2 Qf5 40. g3 Kd7 41. h4 Qf3 42. Qe3 Qg4 43. Kg2 Kc6 44. Qf3 Qe6 45. Qc3+ Kb7 46. Qe3 Qd6 47.
h5 Qf6 48. h6 Qg6 49. Kh2 Kb6 50. f3 Ka5 51. g4 f6 52. Kg3 f5 53. g5 Qh5 54.
Qf4 Qh1 55. g6 Qg1+ 56. Kh4 Qxg6 57. Kh3 Qh5+ 58. Kg3 Qg6+ 59. Kf2 Ka6 60. Ke3 Qe6+ 61. Kd3 Qc6 62. Qxf5 Qxh6 63. Qxd5 Qg6+ 64. Qe4 Qd6 65.
d5 Qc7 66. Qe6+ Ka5 67. d6 Qc6 68. Qe1+ Ka6 69. Qe5 Qc4+ 70. Ke3 Qb3+ 71. Kf4 Qd1 72.
Ke4 Qe2+ 73. Kf4 Qd2+ 74. Kf5 Qd3+ 75. Ke6 Qxf3 76. d7 Qg4+ 77. Ke7 Qh4+ 78. Qf6+ Qxf6+ 79. Kxf6 1-0

[Event "*** Titled Tuesday Blitz"]
[Site "Chess.com"]
[Date "2020.05.26"]
[Round "2"]
[White "plumalka"]
[Black "AlanZhang"]
[Result "0-1"]
[WhiteElo "2429"]
[BlackElo "2237"]
[TimeControl "180+1"]
[EndTime "10:18:59 PDT"]
[Termination "AlanZhang won by resignation"]

1. e4 e5 2. Nf3 Nc6 3. Nc3 Nf6 4. a3 Be7 5. d4 exd4 6. Nxd4 d6 7.
Be2 O-O 8. O-O h6 9. Be3 Re8 10. h3 Bf8 11. Bf3 Ne5 12. Be2 Nc6 13. f3 g6 14. Qd2 Kh7 15. Rad1 Bg7 16. Bc4 Nxd4 17. Bxd4 Be6 18. Bd3 a6 19. f4 c5 20. Bf2 Bd7 21. Rde1 Bc6 22. e5 dxe5 23. fxe5 Nd7 24. Bg3 Nxe5 25.
Bxe5 Rxe5 26. Rxe5 Qd4+ 27. Re3 Re8 28. Re1 c4 29.
Kh1 Rxe3 30. Qxe3 cxd3 31. Qxd4 Bxd4 32. cxd3 Kg7 33. Kh2 b5 34. Kg3 a5 35. Nd1 b4 36.
axb4 axb4 37. Re2 Kf6 38. Ne3 Be5+ 39. Kf2 h5 40. Nc4 Bd4+ 41. Ke1 h4 42. Ne3 g5 43.
Ng4+ Kf5 44. Nh6+ Kg6 45. Ng4 f5 46. Ne5+ Bxe5 47. Rxe5 Bxg2 48. Re6+ Kh5 49. Re3 g4 50. Kf2 Bxh3 51. Re5 g3+ 52. Kg1 Kg5 53. d4 Kf4 54. Re8 g2 55. d5 Kf3 56. d6 f4 57. d7 Bxd7 58. Rd8 h3 59. Rxd7 Kg3 60. Rg7+ Kf3 61.
Kh2 Kf2 62. Rg6 f3 63. b3 Kf1 64. Rg5 f2 65. Re5 g1=Q+ 66. Kxh3 Qh1+ 67. Kg4 Qg2+ 68. Kf4 Kg1 69. Rg5 f1=Q+ 70. Ke3 Qxg5+ 0-1

[Event "*** Titled Tuesday Blitz"]
[Site "Chess.com"]
[Date "2020.05.26"]
[Round "2"]
[White "doctorcristian"]
[Black "Doraemon7"]
[Result "0-1"]
[WhiteElo "2292"]
[BlackElo "2636"]
[TimeControl "180+1"]
[EndTime "10:19:00 PDT"]
[Termination "Doraemon7 won on time"]

1. d4 d5 2. Nc3 Nf6 3. Bf4 c5 4. e3 cxd4 5. exd4 a6 6. Nf3 Nc6 7. Ne5 Bd7 8. Nxc6 Bxc6 9. a3 e6 10. Be2 Rc8 11. O-O Bd6 12. Bxd6 Qxd6 13. Na2 Ba4 14.
b3 Bd7 15. Nb4 Ne4 16. Nd3 O-O 17. Bf3 Bb5 18. Re1 Bxd3 19. Qxd3 Rc3 20. Qd1 Nf6 21.
Re3 Rc7 22. Qd2 Rfc8 23. Ra2 h6 24. g3 Qb6 25. Kg2 Ne8 26. Be2 Nd6 27. f3 Rc6 28. a4 Nf5 29. Rd3 Qc7 30. Bd1 Rc3 31. Rxc3 Qxc3 32. Qxc3 Rxc3 33. Be2 Nxd4 34. Bd3 g5 35. a5 Kg7 36. Kf2 Rc7 37. Ke3 Nc6 38. Ra4 Ne5 39.
Rb4 Kf6 40. h3 Nc6 41. Ra4 Ke5 42. f4+ gxf4+ 43. gxf4+ Kd6 44. Kf3 f6 45. Ke3 e5 46.
Kf3 e4+ 47. Bxe4 dxe4+ 48. Kxe4 Ke6 49. Rc4 f5+ 50. Ke3 Rg7 51. b4 Rg3+ 52. Kd2 Rxh3 53. c3 Rh2+ 54. Ke3 h5 55. Kf3 Rh3+ 56. Kg2 Rd3 57. Rc5 h4 0-1

[Event "*** Titled Tuesday Blitz"]
[Site "Chess.com"]
[Date "2020.05.26"]
[Round "2"]
[White "suyu28"]
[Black "floplover"]
[Result "1-0"]
[WhiteElo "2625"]
[BlackElo "2236"]
[TimeControl "180+1"]
[EndTime "10:19:00 PDT"]
[Termination "suyu28 won by resignation"]

1. Nf3 Nf6 2. c4 e6 3. e3 d5 4. Nc3 c5 5. cxd5 Nxd5 6. Bc4 Nf6 7. b3 a6 8. a4 Nc6 9. Bb2 Be7 10. O-O O-O 11.
Qe2 Na5 12. d4 Nxc4 13. bxc4 b6 14. Rfd1 Qc7 15. d5 exd5 16. cxd5 Bd6 17. e4 Re8 18. Re1 Bg4 19. h3 Bxf3 20. Qxf3 Nd7 21. Ne2 Be5 22. Bxe5 Nxe5 23. Qc3 b5 24. axb5 axb5 25. Rxa8 Rxa8 26. f4 Nd7 27. e5 b4 28. Qc4 Nb6 29. Qe4 Qb7 30. Rd1 b3 31. f5 c4 32. e6 fxe6 33. fxe6 Nc8 34. Qxc4 Nd6 35. Qc6 Qxc6 36. dxc6 b2 37. Nc3 Ra1 38. Nb1 Kf8 39. c7 Nc8 40. Kf2 Ke7 41. Re1 Kd6 42. e7 Nxe7 43. Rxe7 Rxb1 44. c8=Q Rf1+ 45. Kg3 b1=Q 46. Qc7+ Kd5 47. Re5+ Kd4 48. Qc5+ Kd3 49. Re3+ Kd2 50. Qc3+ Kd1 51. Rd3+ Qxd3+ 52. Qxd3+ Ke1 53. Qxh7 g5 54. Qe7+ Kd1 55.
Qxg5 Re1 56. Qd5+ Kc2 57. Qc4+ Kd1 58. Qd3+ Kc1 59. Qc3+ Kd1 60. Qxe1+ 1-0

[Event "*** Titled Tuesday Blitz"]
[Site "Chess.com"]
[Date "2020.05.26"]
[Round "2"]
[White "MightyGMpretender"]
[Black "ChristopherYoo"]
[Result "0-1"]
[WhiteElo "2562"]
[BlackElo "2895"]
[TimeControl "180+1"]
[EndTime "10:19:01 PDT"]
[Termination "ChristopherYoo won by resignation"]

1. d4 Nf6 2. c4 g6 3. Nc3 d5 4.
cxd5 Nxd5 5. e4 Nxc3 6. bxc3 Bg7 7. Nf3 c5 8. Be3 Qa5 9. Qd2 O-O 10. Rb1 b6 11. h4 Rd8 12. Bc4 Nc6 13. Bd5 Bb7 14.
Rc1 e6 15. Bxc6 Bxc6 16. h5 cxd4 17. cxd4 Bxe4 18. Qxa5 bxa5 19. Ke2 Bxf3+ 20. gxf3 Bxd4 21. hxg6 hxg6 22. Rc7 Rab8 23. Rd1 Bxe3 24. Rxd8+ Rxd8 25. Kxe3 Rd5 26. Rxa7 Kg7 27. Rb7 g5 28. Ra7 Kg6 29. a4 f5 30. Re7 Kf6 31. Ra7 Ke5 32. Ra6 Rc5 33. Rb6 Rc3+ 34. Ke2 Kf4 35. Rxe6 Ra3 36. Rd6 Rxa4 37. Rd2 Rb4 38. Rd3 a4 39. Ra3 Rb2+ 40.
Kf1 Rb3 41. Rxa4+ Kxf3 42. Ra1 f4 43. Kg1 Rc3 44. Rb1 Rc2 45. Rb3+ Ke2 46. Kg2 g4 47.
Rb4 f3+ 48. Kg3 Rc1 49. Re4+ Kf1 50. Rxg4 Rc3 51. Kf4 Kxf2 52. Rg8 Ke2 53. Re8+ Kf1 54. Ra8 f2 55. Kg4 Kg2 56. Ra2 Rc4+ 57. Kf5 Kg1 0-1

[Event "*** Titled Tuesday Blitz"]
[Site "Chess.com"]
[Date "2020.05.26"]
[Round "2"]
[White "vinniethepooh"]
[Black "Sam_ChessMood"]
[Result "1-0"]
[WhiteElo "2569"]
[BlackElo "2861"]
[TimeControl "180+1"]
[EndTime "10:19:01 PDT"]
[Termination "vinniethepooh won by resignation"]

1. Nf3 d5 2. g3 g6 3. Bg2 Bg7 4. O-O e5 5. d3 Ne7 6. Nbd2 O-O 7. e4 d4 8. Qe2 c5 9. c3 Nbc6 10. Nb3 b6 11. cxd4 cxd4 12. Bd2 a5 13. a4 Be6 14. Ra3 h6 15. Rc1 Qd7 16. Ne1 Rac8 17. Na1 Rc7 18.
h4 Rfc8 19. Kh2 Nb4 20. Rxc7 Rxc7 21. Qd1 Nec6 22. Nac2 Bf8 23. Nxb4 Nxb4 24. Ra1 Na6 25. Rc1 Nc5 26. b4 axb4 27. Bxb4 Bb3 28. Qd2 Bxa4 29. Qa2 Bb5 30. Bh3 Qd8 31. h5 g5 32. Bf5 Bd7 33. Qd5 Qe8 34. Bxd7 Rxd7 35. Qc6 Qe6 36. Qxe6 Nxe6 37.
Bxf8 Kxf8 38. Nf3 b5 39. Nxe5 Rb7 40. Nc6 b4 41. Rb1 b3 42. Na5 Rb5 43. Nxb3 Nc5 44.
Nd2 Rxb1 45. Nxb1 Nxd3 46. Kg2 Ke7 47. Nd2 Nc5 48. f4 f6 49. Kf3 Ke6 50. Kg4 Na4 51. Kf3 Nc3 52. Nb3 Nb5 53. Ke2 Kd6 54. Kd3 Ke6 55.
Nxd4+ Nxd4 56. Kxd4 Kd6 57. f5 Kd7 58. Kd5 Ke7 59.
Kc6 Kd8 60. Kd6 Ke8 61. Ke6 1-0

[Event "*** Titled Tuesday Blitz"]
[Site "Chess.com"]
[Date "2020.05.26"]
[Round "2"]
[White "silverback96"]
[Black "Fins0905"]
[Result "1/2-1/2"]
[WhiteElo "2309"]
[BlackElo "2655"]
[TimeControl "180+1"]
[EndTime "10:19:05 PDT"]
[Termination "Game drawn by repetition"]

1. d4 d5 2. c4 c6 3. Nf3 Nf6 4. Nc3 dxc4 5. e4 b5 6. Be2 Bg4 7. h3 Bxf3 8. Bxf3 e6 9. O-O a6 10. d5 e5 11. Bg5 c5 12. a4 b4 13. Ne2 Nbd7 14. Ng3 Qa5 15. Be2 c3 16. bxc3 bxc3 17. Qb3 Qb4 18. Qa2 h6 19. Rab1 hxg5 20. Rxb4 cxb4 21.
Rd1 Bc5 22. d6 O-O 23. Nf5 Nxe4 24. Bd3 Nxf2 25. Kh2 g6 26. Ne7+ Kg7 27. Qe2 Nxd1 28. Qxd1 Rab8 29. Bc4 a5 30. Qd3 b3 31. Bxf7 e4 32.
Qxe4 Bxd6+ 33. g3 Ne5 34. Nxg6 Rxf7 35. Nxe5 Bxe5 36. Qxe5+ Kg6 37. Qxb8 b2 38. Qb3 Rf2+ 39. Kg1 Rd2 40. Qb6+ Kf5 41. Qc5+ Ke4 42. Qc4+ Rd4 43. Qe2+ Kd5 44. Qb5+ Ke4 45. Qe2+ Kd5 46. Qb5+ Kd6 47. Qb6+ Ke5 48. Qb5+ Rd5 49. Qe2+ Kd6 50. Qc2 Rc5 51. Kf2 Rc4 52. Ke3 Kc5 53. Qf5+ Kc6 54. Qg6+ Kc5 55. Qf5+ Kc6 56. Qg6+ Kc5 57. Qf5+ 1/2-1/2

[Event "*** Titled Tuesday Blitz"]
[Site "Chess.com"]
[Date "2020.05.26"]
[Round "2"]
[White "Koksik_13"]
[Black "Kobalia"]
[Result "1-0"]
[WhiteElo "2535"]
[BlackElo "2798"]
[TimeControl "180+1"]
[EndTime "10:19:06 PDT"]
[Termination "Koksik_13 won on time"]

1. d4 d5 2. Nc3 Bf5 3. Bf4 c6 4. e3 Nf6 5. f3 h6 6. g4 Bg6 7. h4 h5 8. g5 Nfd7 9. Bd3 Bxd3 10.
Qxd3 g6 11. e4 dxe4 12. fxe4 e5 13. dxe5 Nc5 14. Qxd8+ Kxd8 15. O-O-O+ Kc8 16. e6 Nxe6 17. Be5 Rg8 18. Nf3 Nd7 19. Rhf1 Be7 20. Bg3 Rf8 21. Ne5 Nxe5 22. Bxe5 b5 23. Rf3 a5 24. Rdf1 Nd8 25. Bf6 Bxf6 26. Rxf6 Re8 27. Rd1 Ra7 28. Rfd6 Rc7 29.
a4 b4 30. Nb1 Nb7 31. R6d4 c5 32. Rd5 Rxe4 33. Nd2 Rxh4 34. Nf3 Rf4 35. Ne5 Rf5 36. Nc4 Rxd5 37. Rxd5 Re7 38. b3 Kc7 39. Kb2 h4 40. Rd3 Re4 41. Rf3 Kc6 42. Rf6+ Re6 43. Rxf7 Re4 44. Rh7 Rg4 45. Nd2 Rxg5 46. Rxh4 Nd6 47. Nc4 Nxc4+ 48. Rxc4 Rg1 49. Rf4 g5 50. Rf6+ Kd5 51.
Ra6 g4 52. Rxa5 g3 53. Ra8 Rf1 54. Rg8 Rf3 55. Rg6 Ke4 56. a5 Ke3 57. a6 Kf2 58. a7 Rf8 59. Rf6+ Rxf6 60. a8=Q g2 61. Qd8 1-0

[Event "*** Titled Tuesday Blitz"]
[Site "Chess.com"]
[Date "2020.05.26"]
[Round "2"]
[White "ameetghasi100"]
[Black "kingnb"]
[Result "1-0"]
[WhiteElo "2714"]
[BlackElo "2477"]
[TimeControl "180+1"]
[EndTime "10:19:10 PDT"]
[Termination "ameetghasi100 won by resignation"]

1. g3 Nf6 2. Bg2 g6 3. d4 Bg7 4. e4 d6 5. Ne2 O-O 6. O-O e5 7. Nbc3 Re8 8. h3 Bd7 9. a4 exd4 10. Nxd4 Nc6 11. Nde2 Qc8 12. Kh2 h5 13. Bg5 Nd8 14.
Nd4 Nh7 15. Be3 Ne6 16. Nxe6 Bxe6 17. Bd4 Bh6 18. f4 c6 19. Qd3 Nf8 20. Bf6 Bg7 21.
Bxg7 Kxg7 22. Qxd6 Qd8 23. Qe5+ Kg8 24. Rfd1 Qb6 25.
Qd4 Red8 26. Qxb6 axb6 27. Rxd8 Rxd8 28. Rd1 Rxd1 29. Nxd1 Nd7 30. Ne3 Nc5 31. b3 Kf8 32. g4 hxg4 33. hxg4 Ke7 34. g5 b5 35. axb5 cxb5 36.
Kg3 Bd7 37. f5 Bc6 38. Kf4 Kd7 39. Ke5 Ke7 40. Kd4 Nd7 41. f6+ Kd6 42. Ng4 Nf8 43. e5+ Kd7 44. Bd5 Bxd5 45. Kxd5 Ne6 46. Nh6 Nxg5 47.
b4 b6 48. c3 Ke8 49. Kc6 Ne4 50. Kxb5 Nxc3+ 51. Kxb6 Kd7 52. Nxf7 Ke6 53. Ng5+ Kxe5 54.
f7 Nd5+ 55. Kc5 Nf6 56. b5 Nd7+ 57. Kc6 Nf8 58. b6 Kf6 59. b7 Kxg5 60. b8=Q Ne6 1-0

[Event "*** Titled Tuesday Blitz"]
[Site "Chess.com"]
[Date "2020.05.26"]
[Round "2"]
[White "algatar2020"]
[Black "JLRHei"]
[Result "0-1"]
[WhiteElo "1706"]
[BlackElo "2319"]
[TimeControl "180+1"]
[EndTime "10:19:10 PDT"]
[Termination "JLRHei won by resignation"]

1. d4 Nf6 2. Nf3 c5 3. c3 g6 4. Bf4 Bg7 5. e3 d6 6. Nbd2 Nc6 7.
h3 O-O 8. Be2 cxd4 9. exd4 e5 10. Bh2 e4 11. Ng1 e3 12. fxe3 Nd5 13. Nf1 Re8 14. Qd2 Bh6 15. Bf4 Nxf4 16. exf4 b5 17. O-O-O b4 18. c4 Qf6 19. g3 Bb7 20. d5 b3 21.
axb3 Ne7 22. Ne3 Bg7 23. Ng4 Qf5 24. Bd3 Qc8 25. Kb1 a5 26. Ne2 a4 27. bxa4 Rxa4 28. Nc3 Rb4 29. Rc1 Ba6 30. Rc2 Bxc4 31. Bxc4 Qxc4 32. Na2 Qe4 33. Nf2 Rxb2+ 34. Kc1 Rxc2+ 35. Qxc2 Qe3+ 36. Qd2 Bb2+ 37. Kd1 Nxd5 38. Qxe3 Nxe3+ 39. Kd2 Ra8 40. Kxe3 Rxa2 41. Ng4 f5 42. Nf2 Ra3+ 43. Ke2 Rxg3 44. Nd3 Bd4 45. Rb1 Rg2+ 46. Kf3 Rd2 47.
Ne1 Kg7 48. Rb7+ Kh6 49. Kg3 Bf2+ 50. Kf3 Bxe1 51. Rd7 Rf2+ 52. Ke3 Rh2 53. Kf3 Rxh3+ 54. Kg2 Rd3 55. Rd8 Bd2 56. Rd7 Bxf4 57. Rd8 Be5 58. Kf2 Rd2+ 59. Ke1 Rb2 60. Kd1 f4 61. Kc1 f3 62. Rxd6 Bxd6 63. Kxb2 f2 64. Kc2 f1=Q 65. Kd2 Qf2+ 0-1

[Event "*** Titled Tuesday Blitz"]
[Site "Chess.com"]
[Date "2020.05.26"]
[Round "2"]
[White "boasovietica"]
[Black "dosto07"]
[Result "1-0"]
[WhiteElo "2391"]
[BlackElo "2093"]
[TimeControl "180+1"]
[EndTime "10:19:11 PDT"]
[Termination "boasovietica won on time"]

1. e4 e5 2. Nf3 Nc6 3. Bb5 a6 4. Ba4 Nf6 5. O-O Be7 6. d3 b5 7. Bb3 d6 8. a3 Na5 9. Ba2 Be6 10.
b4 Bxa2 11. Rxa2 Nc6 12. c4 O-O 13. Nc3 Na7 14. Re1 c6 15. h3 Nd7 16. Be3 Nc8 17.
a4 bxa4 18. Qxa4 Qc7 19. Rea1 Qb7 20. b5 cxb5 21. cxb5 a5 22. Nd5 Bd8 23. Nd2 Ncb6 24. Nxb6 Nxb6 25. Qb3 a4 26. Qc2 h6 27. Bxb6 Bxb6 28. Rxa4 Rxa4 29. Rxa4 Rc8 30. Nc4 Bc5 31. Qb3 Rb8 32. b6 Bxb6 33. Nxb6 Qxb6 34. Qxb6 Rxb6 35.
Ra3 g6 36. Kf1 Rb2 37. g3 h5 38. h4 Kg7 39. Kg2 Kf6 40. Kf3 Ke6 41. Ke3 f6 42. Ra8 Rb7 43. Rg8 Kf7 44. Ra8 Ke6 45. Ra4 Ke7 46.
Ra8 Kf7 47. Ra6 Ke7 48. Rc6 Rd7 49. Ra6 d5 50. Rb6 d4+ 51. Ke2 Ra7 52. Rb2 Ra3 53. Rc2 Ra7 54. Rb2 Rd7 55. Rc2 Kf7 56. Rb2 Kg7 57.
Rc2 Kh6 58. Kd2 g5 59. hxg5+ Kxg5 60. Ke2 f5 61. exf5 Kxf5 62. Rc8 Kg4 63. Rg8+ Kh3 64. Rg5 h4 65. Rh5 Kg2 66. gxh4 Rf7 67. Rg5+ Kh3 68. h5 Kh4 69. Rxe5 1-0

[Event "*** Titled Tuesday Blitz"]
[Site "Chess.com"]
[Date "2020.05.26"]
[Round "2"]
[White "Alopekos"]
[Black "TranJMinh"]
[Result "0-1"]
[WhiteElo "2510"]
[BlackElo "2787"]
[TimeControl "180+1"]
[EndTime "10:19:13 PDT"]
[Termination "TranJMinh won on time"]

1. e4 c5 2. Nc3 d6 3. Nge2 Nf6 4. d4 cxd4 5. Nxd4 a6 6. Be3 e5 7.
Nb3 Be7 8. Be2 Be6 9. Nd5 Nbd7 10. Nxe7 Qxe7 11. Bf3 O-O 12. Qd2 Rac8 13. Rd1 Nc5 14.
Nxc5 dxc5 15. Qd6 Qxd6 16. Rxd6 Bxa2 17. Rb6 Rc7 18. b3 Nd7 19. Rd6 c4 20. b4 c3 21.
O-O Be6 22. Rfd1 h6 23. h3 Rfc8 24. Bg4 Bxg4 25. hxg4 Nf6 26. f3 Kf8 27. g5 hxg5 28. Bxg5 Ne8 29. R6d5 f6 30. Be3 Ke7 31. Bc5+ Ke6 32.
R1d3 g6 33. Kf2 g5 34. g3 Rh7 35. Kg2 Rhc7 36. Rd8 Rxd8 37. Rxd8 Ng7 38. Rg8 Kf7 39.
Rf8+ Kg6 40. Rg8 Kh7 41. Rf8 Kg6 42. Rg8 Rd7 43. Be3 Kf7 44. Rc8 Ne6 45. Rxc3 Rd1 46.
Rd3 Rxd3 47. cxd3 Ke7 48. Kf2 Kd7 49. Ke2 Kc6 50. Kd2 Kb5 51. Kc3 Nd4 52. Bxd4 exd4+ 53. Kb3 b6 54. f4 a5 55. bxa5 bxa5 56. e5 gxf4 57.
e6 Kc6 58. gxf4 f5 59. Kc4 Kd6 60. Kxd4 Kxe6 61. Kc5 a4 62. Kb4 Kd5 0-1

[Event "*** Titled Tuesday Blitz"]
[Site "Chess.com"]
[Date "2020.05.26"]
[Round "2"]
[White "Klavdia_Nik"]
[Black "gliglu"]
[Result "1/2-1/2"]
[WhiteElo "2066"]
[BlackElo "2370"]
[TimeControl "180+1"]
[EndTime "10:19:14 PDT"]
[Termination "Game drawn - insufficient material"]

1. Nf3 e6 2. c4 d5 3. b3 c5 4. Bb2 Nc6 5. g3 d4 6. Bg2 Nf6 7. O-O Be7 8. d3 O-O 9. Nbd2 e5 10. b4 cxb4 11. a3 bxa3 12. Bxa3 a5 13. Bxe7 Qxe7 14.
Ng5 h6 15. Nge4 Nxe4 16. Bxe4 Be6 17. Qa4 Rfc8 18. Qb5 Qc7 19. Rfb1 Ra7 20. Nb3 f5 21. Nc5 fxe4 22. Nxe6 Qf7 23. Nc5 exd3 24. exd3 Rc7 25. Ne4 Qe6 26. Ra3 Ra8 27. Nc5 Qe7 28. Rab3 Nb4 29.
Ne4 Rf8 30. Ra1 Nc6 31. Qd5+ Qf7 32. Qxf7+ Rfxf7 33. Rb6 Rfe7 34. Kg2 Kf7 35. h4 Ke6 36. Rab1 Kf5 37. R1b5 g5 38. hxg5 hxg5 39. Nd6+ Ke6 40. Nxb7 Kf5 41. Nxa5 Nxa5 42. Rxa5 Ra7 43. Rxa7 Rxa7 44.
Rb3 Rc7 45. f3 g4 46. Kf2 Rh7 47. fxg4+ Kxg4 48. Kg2 Ra7 49. Rb2 Ra3 50. Rd2 Rc3 51.
Kf2 Rc1 52. Kg2 Rc3 53. Kf2 Kh3 54. Kf3 Rc1 55. Ke4 Re1+ 56. Kd5 Kxg3 57. c5 Kf4 58. Rc2 Ra1 59. c6 Ra8 60. c7 Ke3 61. Kxe5 Kxd3 62. Rc6 Rc8 63. Ke6 Ke2 64. Kd7 Rxc7+ 65.
Kxc7 d3 66. Re6+ Kf2 67. Kc6 d2 68. Rd6 Ke2 69. Rxd2+ Kxd2 1/2-1/2

[Event "*** Titled Tuesday Blitz"]
[Site "Chess.com"]
[Date "2020.05.26"]
[Round "2"]
[White "Lagravesamuell"]
[Black "CarlosAlbornoz"]
[Result "0-1"]
[WhiteElo "2472"]
[BlackElo "2707"]
[TimeControl "180+1"]
[EndTime "10:19:22 PDT"]
[Termination "CarlosAlbornoz won by resignation"]

1. d4 Nf6 2. c4 g6 3. Nc3 Bg7 4. e4 d6 5. Nf3 Bg4 6. Be2 O-O 7. Ng1 Bxe2 8. Ngxe2 c5 9. O-O cxd4 10. Nxd4 Nc6 11. Be3 Rc8 12. b3 Qd7 13. Rc1 Ng4 14. Nxc6 bxc6 15.
Bc5 Qb7 16. Ba3 Nf6 17. c5 d5 18. exd5 cxd5 19. b4 a6 20. Qb3 Rfd8 21. b5 d4 22.
c6 Qc7 23. Ne2 axb5 24. Qxb5 Nd5 25. Rc5 Nc3 26. Nxc3 dxc3 27. Bb4 Rb8 28. Qc4 Rd4 29.
Ba5 Rxc4 30. Bxc7 Rxc5 31. Bxb8 Rxc6 32. Bf4 Ra6 33. Rd1 h6 34. Rd8+ Kh7 35. Rc8 Rxa2 36. g3 g5 37. Be3 Kg6 38. Kg2 e6 39. Kf3 h5 40. h3 f5 41. Rc6 g4+ 42. hxg4 hxg4+ 43. Kf4 Kf7 44. Kg5 Bf6+ 45. Kh5 Ra1 46. Rc7+ Ke8 47. Kg6 Bd8 48. Rxc3 Be7 49. Rc7 Ra6 50. Rb7 Rd6 51. Bc5 Rd7 52. Rb8+ Rd8 53. Rxd8+ Kxd8 54. Bd4 Kd7 55. Be5 Bd6 56. Bd4 Kc6 57. Kf6 Kd5 58. Ba7 Bb4 59. Kg5 Bd2+ 60. Kf6 Be1 61. Kg5 Ke4 62. Kf6 Kf3 63. Kxe6 Bxf2 64. Bb8 Bxg3 65.
Bxg3 Kxg3 66. Kxf5 Kf3 0-1

[Event "*** Titled Tuesday Blitz"]
[Site "Chess.com"]
[Date "2020.05.26"]
[Round "2"]
[White "kingofthenil"]
[Black "DinaBelenkaya"]
[Result "0-1"]
[WhiteElo "2434"]
[BlackElo "2249"]
[TimeControl "180+1"]
[EndTime "10:19:22 PDT"]
[Termination "DinaBelenkaya won by resignation"]

1. e4 d5 2. exd5 Qxd5 3. Ne2 Nf6 4. d4 Nc6 5. Nf4 Qxd4 6. Bd3 e5 7. Ne2 Qh4 8. h3 Bc5 9. Ng3 O-O 10. Nc3 e4 11.
Ncxe4 Nxe4 12. Bxe4 Re8 13. O-O Qxg3 14. Bxh7+ Kxh7 15. Qh5+ Kg8 16. Qxc5 Qg6 17. Kh2 Be6 18. Bf4 Rad8 19.
Rad1 Rxd1 20. Rxd1 Qf5 21. Qe3 f6 22. Qg3 Re7 23. Rd2 Qc5 24. Bxc7 Nd4 25. Bd6 Nf5 26. Bxe7 Qxe7 27. Qf4 a6 28. g4 Nh4 29. Kg3 Ng6 30.
Qd6 Qxd6+ 31. Rxd6 Kf7 32. f4 Bc4 33. b3 Bf1 34.
Rd1 Be2 35. Rd2 Bb5 36. c4 Bc6 37. Rd6 Ne7 38. f5 Be8 39. Rb6 Bc6 40. Kf4 Nc8 41.
Rb4 a5 42. Rb5 Bxb5 43. cxb5 Nb6 44. Ke4 Ke7 45. Kd4 Kd6 46. h4 Nd7 47. g5 fxg5 48. hxg5 b6 49. a3 Nf8 50. b4 axb4 51. axb4 Nd7 52.
Ke4 Nb8 53. Kf4 Nd7 54. Ke4 Nf8 55. Kf4 Kd5 56. Kg4 Ke5 57. f6 g6 58. Kg3 Kf5 59. Kh4 Kf4 60. f7 Kf5 61. Kh3 Kxg5 62. Kg3 Kf6 63. Kf4 Kxf7 64. Kg5 Ne6+ 65. Kg4 Kf6 66.
Kf3 Kf5 67. Ke3 g5 68. Kf3 g4+ 69.
Kg3 Ng5 70. Kh4 Kf4 71. Kh5 g3 72. Kh4 g2 73. Kh5 g1=Q 74. Kg6 Ne4+ 0-1

[Event "*** Titled Tuesday Blitz"]
[Site "Chess.com"]
[Date "2020.05.26"]
[Round "2"]
[White "StockholmMissile"]
[Black "CzechmVIII"]
[Result "1/2-1/2"]
[WhiteElo "2406"]
[BlackElo "2177"]
[TimeControl "180+1"]
[EndTime "10:19:22 PDT"]
[Termination "Game drawn by repetition"]

1. d4 Nf6 2. c4 c5 3. d5 e6 4.
Nc3 exd5 5. cxd5 d6 6. e4 g6 7.
Bd3 Bg7 8. h3 O-O 9. Nf3 b5 10.
Nxb5 Re8 11. O-O Nxe4 12. Re1 a6 13. Rxe4 Rxe4 14. Nxd6 Rb4 15. a3 Qxd6 16. axb4 cxb4 17. Nd2 Bb7 18. Ra5 Nd7 19. Nc4 Qf6 20. b3 Re8 21. Bb2 Qg5 22. Bxg7 Kxg7 23. Bf1 Qf6 24.
Ne3 Qc3 25. Bc4 Ne5 26. Ra1 Nxc4 27.
Nxc4 Rd8 28. d6 Qf6 29. Rc1 Bc6 30. Qd2 Bb5 31. Rd1 Bxc4 32. bxc4 a5 33. c5 Qc3 34.
Qxc3+ bxc3 35. Rc1 Kf6 36. Rxc3 Ke6 37. Ra3 Ra8 38.
Re3+ Kd5 39. Rc3 Kc6 40. Rd3 a4 41. d7 Rd8 42. Ra3 Rxd7 43. Rxa4 Kxc5 44. Re4 Kd5 45. Re1 Kc6 46. Kh2 Rd6 47. Re7 Rf6 48. Kg3 Kd6 49. Re8 h5 50. f4 Kd7 51. Re1 Kd6 52. Kf3 Kd7 53. g4 hxg4+ 54. hxg4 Ra6 55. g5 Ra3+ 56. Kg4 Ra4 57. Re5 Rb4 58. Re3 Ra4 59. Kf3 Rb4 60. Ra3 Rc4 61. Ra7+ Ke6 62. Ra6+ Ke7 63. Ke3 Rb4 64.
Rf6 Rc4 65. f5 gxf5 66. Rxf5 Rc6 67. Kf4 Re6 68. Kg4 Ra6 69. Kh5 Kf8 70. Rb5 Kg7 71. Rb7 Rg6 72. Re7 Re6 73. Rb7 Rg6 74. Kg4 Re6 75.
Kf5 Rg6 76. Rc7 Re6 77. Rd7 Rg6 78. Re7 Ra6 79. Rd7 Re6 80. Rc7 Ra6 81. Rb7 Ra5+ 82. Kg4 Ra6 83. Kh5 Rg6 1/2-1/2

[Event "*** Titled Tuesday Blitz"]
[Site "Chess.com"]
[Date "2020.05.26"]
[Round "2"]
[White "Kostya_Nikologorskiy"]
[Black "Susal_De_Silva"]
[Result "1-0"]
[WhiteElo "2710"]
[BlackElo "2390"]
[TimeControl "180+1"]
[EndTime "10:19:25 PDT"]
[Termination "Kostya_Nikologorskiy won on time"]

1. d4 Nf6 2. c4 e6 3. Bf4 b6 4. Nc3 Bb7 5. e3 Bb4 6. Nf3 O-O 7.
Bd3 Ne4 8. O-O Bxc3 9. bxc3 f5 10.
Qc2 d6 11. Nd2 Nxd2 12. Qxd2 Nd7 13. f3 e5 14. Bg3 e4 15. fxe4 fxe4 16. Bc2 Qe7 17.
Qe2 Ba6 18. Qg4 Bxc4 19. Rxf8+ Nxf8 20. Qxe4 Qxe4 21. Bxe4 Re8 22. Bf3 Rxe3 23. Be1 Nd7 24. Kf2 Re8 25. a4 a5 26. Bd2 Nf6 27. Re1 Rxe1 28. Kxe1 Bb3 29. Bc6 Bd5 30. Bxd5+ Nxd5 31. c4 Nb4 32. Ke2 Kf7 33. Ke3 Ke6 34. Ke4 c6 35.
Bf4 d5+ 36. cxd5+ cxd5+ 37. Ke3 Kd7 38. Be5 g6 39. h4 Nc6 40. Bf6 Ne7 41. Kf4 Ke6 42. Bg5 Nf5 43. Bd8 Nxd4 44. Bxb6 Ne2+ 45. Kg5 d4 46. Bxa5 d3 47. Bd2 Nd4 48. Kf4 Nb3 49.
Ke3 Nc5 50. a5 Kd5 51. Bb4 Na6 52. Bc3 Kc4 53. Kd2 Nc5 54. Be5 Ne4+ 55. Ke3 Nc5 56. Bd6 Na6 57. Kd2 Kb5 58. Kxd3 Kxa5 59. Ke4 Kb5 60.
Ke5 Kc6 61. Ke6 Kb5 62. Kf7 Kc4 63. Kg7 Kd5 64. Bf8 Ke4 65. Kxh7 Kf5 66. Bd6 Kg4 67. g3 Nb4 68. Kxg6 1-0

[Event "*** Titled Tuesday Blitz"]
[Site "Chess.com"]
[Date "2020.05.26"]
[Round "2"]
[White "Azeryahu"]
[Black "AwareIdea"]
[Result "1-0"]
[WhiteElo "2766"]
[BlackElo "2504"]
[TimeControl "180+1"]
[EndTime "10:19:26 PDT"]
[Termination "Azeryahu won by resignation"]

1. Nf3 d5 2. g3 Nf6 3. Bg2 Bg4 4.
O-O Nbd7 5. d4 Bxf3 6. Bxf3 e5 7. Bg2 exd4 8. Qxd4 Bc5 9. Qd1 c6 10. c4 dxc4 11.
Qc2 Nb6 12. Nd2 O-O 13. Nxc4 Nxc4 14. Qxc4 Qe7 15. b3 Ba3 16. Bd2 Bb2 17. Rad1 Rfd8 18. Ba5 Rxd1 19. Rxd1 Be5 20. Bb4 Qe6 21. Qxe6 fxe6 22.
e4 Kf7 23. f4 Bc7 24. Kf1 Rd8 25. Rxd8 Bxd8 26. Ke2 Be7 27. Bc3 Bc5 28. Bf3 h6 29. h4 a6 30. g4 Ne8 31. g5 hxg5 32. hxg5 g6 33. Bg2 Nc7 34. a4 Bf8 35. Kf3 Bg7 36.
Ba5 Ne8 37. Bf1 Bd4 38. Bc4 Nd6 39. Bd3 b5 40. Bc7 Ne8 41. Bb8 Bb6 42. f5 exf5 43. exf5 gxf5 44. Bxf5 Bc7 45. Ba7 bxa4 46. bxa4 Ke7 47.
Be4 Kd6 48. Be3 Kd7 49. Bf5+ Ke7 50. Be4 Kd7 51. Kg4 Ng7 52. Bd3 Be5 53. Bxa6 Kd6 54.
Bd3 c5 55. g6 Kc6 56. Bd2 Kd5 57. a5 c4 58. Be2 Bd4 59. Bc1 c3 60. Bd3 Kc5 61.
a6 Kc6 62. Kf3 Kb6 63. Ke4 Bf6 64. Kf3 Ka7 65. Ke2 Kb6 66. Be3+ Kc7 67. a7 c2 68. a8=Q c1=Q 69. Bxc1 1-0